 Dungeon Crawl Stone Soup version 0.23.2-40-g277498a001 (webtiles) character file.

Game seed: 14205195276749696859

68 Chiseanne the Gusty (level 4, -3/30 HPs)
             Began as a Barachi Air Elementalist on Sept 29, 2019.
             Was a Follower of Vehumet.
             Slain by a gnoll
             ... wielding a +0 whip
              (9 damage)
             ... on level 3 of the Dungeon.
             The game lasted 00:08:15 (1529 turns).

Chiseanne the Gusty (Barachi Air Elementalist)      Turns: 1529, Time: 00:08:16

Health: -3/30      AC:  2    Str:  9    XL:     4   Next: 19%
Magic:  5/8        EV: 12    Int: 17    God:    Vehumet [*.....]
Gold:   73         SH:  0    Dex: 12    Spells: 5/9 levels left

rFire    . . .     SeeInvis .   a - +4 rapier
rCold    . . .     Gourm    .   (no shield)
rNeg     . . .     Faith    .   j - +0 robe
rPois    .         Spirit   .   (no helmet)
rElec    .         Reflect  .   (no cloak)
rCorr    .         Harm     .   (no gloves)
MR       .....                  (no boots)
Stlth    ++........             (no amulet)
HPRegen  0.10/turn              (no ring)
MPRegen  0.11/turn              (no ring)

@: very slightly contaminated, slow
A: +LOS, swims, slowness 1, strong legs 1
a: Hop, Renounce Religion


You were on level 3 of the Dungeon.
You worshipped Vehumet.
Vehumet was aware of your devotion.
You were not hungry.

You visited 1 branch of the dungeon, and saw 4 of its levels.

You collected 73 gold pieces.

Inventory:

Hand Weapons
 a - a +4 rapier (weapon)
 g - a +1 dagger of venom
Missiles
 f - 24 stones (quivered)
Armour
 j - a +0 robe (worn)
Scrolls
 e - a scroll of identify
Potions
 b - 2 potions of might
Comestibles
 c - 5 rations


   Skills:
 - Level 2.1 Dodging
 - Level 1.7 Stealth
 * Level 3.1 Spellcasting
 * Level 2.6 Conjurations
 * Level 4.1 Air Magic


You had 5 spell levels left.
You knew the following spells:

 Your Spells              Type           Power        Failure   Level  Hunger
a - Shock                 Conj/Air       ##..         4%          1    None
b - Static Discharge      Conj/Air       ##......     13%         3    ###....

Your spell library contained the following spells:

 Spells                   Type           Power        Failure   Level  Hunger
 Sandblast                Erth           #.....       17%         1    None
 Swiftness                Chrm/Air       #.......     11%         2    ##.....
 Airstrike                Air            ###.......   32%         4    ####...
 Lightning Bolt           Conj/Air       ##........   77%         5    ######.


Dungeon Overview and Level Annotations

Branches:
Dungeon (4/15)
 Temple: D:4-7

Altars:
Vehumet

Annotations:
D:3 2 transporters, Gildeon's ghost, amateur DgSk


Innate Abilities, Weirdness & Mutations

Shadows flee at your approach. (+LOS)
You can swim through water.
You cover ground slowly.
You can hop short distances.


Message History

Press: ? - help, Shift-Dir - straight line The zap hits the gnoll.
The gnoll is heavily wounded.
The zap hits the gnoll.
The gnoll is heavily wounded.
The gnoll hits you with a +0 whip!
Casting: Shock (safe; 4% risk of failure)
Confirm with . or Enter, or press ? or * to list all spells.
Aiming: Shock (safe; 4% risk of failure)
Press: ? - help, Shift-Dir - straight line
Okay, then.
The gnoll hits you with a +2 flail of crushing.
The gnoll hits you with a +0 whip! The gnoll completely misses you.
You climb upwards.
Level annotation: 2 transporters, Gildeon's ghost, amateur DgSk
There is a stone staircase leading down here.
The gnoll hits you with a +2 flail of crushing.
* * * LOW HITPOINT WARNING * * *
x2 The gnoll hits you with a +0 whip!
You die...

#.*#...#...########
#.*#.......#.......
#.......####......#
#.......# #......#
##.#.#.## #......#
######.# #......#
##...##.* ###.##.#
##⌠.<.⌠##* #.##..
#...@g..####
###.#### ###########
#.<.g.>)#..# #...#
..#.......#
#.......##.###.####
#.#.......#
##⌠...⌠###........#
#.#.#####.# ###...##
#..##.##.###
.......##.###.##.##
#..##.#.....
#.#.##.........[.#
#.....)..###
#.#.......##....####
##.###...#
..#.......##.......#
#.###...#


You could see 2 gnolls.

Vanquished Creatures
  A gnoll (D:3)
  2 adders
  An ooze (D:3)
  A worm (D:3)
  A dart slug (D:3)
  2 orcs (D:3)
  2 bats (D:1)
  4 goblins
  2 jackals (D:3)
  4 kobolds
  4 quokkas
  4 frilled lizards
  3 rats
31 creatures vanquished.

Notes
Turn   | Place    | Note
-------+----------+-------------------------------------------
     0 | D:1      | Chiseanne the Barachi Air Elementalist began the quest for
                  | the Orb.
     0 | D:1      | Reached XP level 1. HP: 13/13 MP: 3/3
   216 | D:2      | Reached XP level 2. HP: 19/19 MP: 0/5
   527 | D:3      | Reached XP level 3. HP: 24/24 MP: 0/6
   752 | D:3      | Found a transporter.
   755 | D:3      | Noticed Gildeon's ghost (amateur DgSk)
   816 | D:3      | Found a transporter.
  1084 | D:3      | Reached skill level 4 in Air Magic
  1102 | D:3      | Learned a level 3 spell: Static Discharge
  1196 | D:3      | Found a faded altar of an unknown god.
  1217 | D:3      | Became a worshipper of Vehumet
  1217 | D:3      | Reached * piety under Vehumet
  1217 | D:3      | Offered knowledge of Sandblast by Vehumet.
  1219 | D:3      | Chiseanne: *dances a little dance of joy*
  1358 | D:3      | Reached XP level 4. HP: 20/30 MP: 5/8
  1529 | D:3      | Slain by a gnoll

Skill      XL: |  1  2  3 |
---------------+----------+-----
Conjurations   | 2 |  2.6
Air Magic      | 4 |  4.1
Spellcasting   | 3 |  3.1
Dodging        | |  2.1
Stealth        | |  1.7

Action                   |  1- 3 |  4- 6 || total
-------------------------+-------+-------++-------
Melee: Dagger            |    10 |       ||    10
       Rapier            |     9 |     2 ||    11
Throw: Stone             |     1 |       ||     1
 Cast: Shock             |    60 |     4 ||    64
       Static Discharge  |       |     1 ||     1
  Use: Scroll            |     7 |       ||     7
 Stab: Sleeping          |     3 |       ||     3
  Eat: Chunk             |     2 |     1 ||     3
Armor: Robe              |    10 |       ||    10
Dodge: Dodged            |    25 |     7 ||    32
